 Dungeon Crawl Stone Soup version 0.26.1-11-gd32895ea62 (webtiles) character file.

Game seed: 4356676823971330079

252 diana the Slasher (level 5, -5/43 HPs)
             Began as a Demonspawn Gladiator on Apr 13, 2021.
             Killed from afar by Ijyb (13 damage)
             ... with a bolt of acid
             ... on level 3 of the Dungeon.
             The game lasted 00:04:48 (2831 turns).

diana the Slasher (Demonspawn Gladiator)            Turns: 2831, Time: 00:04:49

Health: -5/43      AC:  4    Str: 14 (15) XL:     5   Next: 89%
Magic:  5/5        EV: 13    Int: 11 (13) God:
Gold:   113        SH:  0    Dex: 18 (21) Spells: 4/4 levels left

rFire    . . .     SeeInvis .   a - +0 long sword
rCold    . . .     Faith    .   (no shield)
rNeg     + . .     Spirit   .   b - +0 leather armour
rPois    .         Reflect  .   c - +0 helmet
rElec    .         Harm     .   (no cloak)
rCorr    .         Rampage  .   (no gloves)
Will     .....                  (no boots)
Stlth    +.........             (no amulet)
HPRegen  0.14/turn              e - ring of positive energy
MPRegen  0.09/turn              s - +6 ring of dexterity

@: no status effects
A: demonic guardian 1, big brain 2
a: no special abilities


You were on level 3 of the Dungeon.
You visited 1 branch of the dungeon, and saw 3 of its levels.

You collected 113 gold pieces.

Inventory:

Hand Weapons
 a - a +0 long sword (weapon)
Missiles
 d - 3 throwing nets (quivered)
Armour
 b - a +0 leather armour (worn)
 c - a +0 helmet (worn)
Jewellery
 e - a ring of positive energy (left hand)
 r - an uncursed ring of flight
 s - a +6 ring of dexterity (right hand)
Wands
 h - a wand of acid (12)
Scrolls
 g - 4 scrolls of teleportation
 i - a scroll of noise
 k - 2 scrolls of enchant weapon
 l - a scroll of immolation
 m - a scroll of random uselessness
 o - 3 scrolls of blinking
 p - a scroll of remove curse
Potions
 f - 2 potions of haste {unknown}
 j - a potion of curing {unknown}
 q - a potion of resistance {unknown}


   Skills:
 + Level 4.5 Fighting
 + Level 4.7 Long Blades
 - Level 1.7 Throwing
 - Level 2.6 Dodging


You had 4 spell levels left.
You didn't know any spells.
Your spell library was empty.

Dungeon Overview and Level Annotations

Branches:
Dungeon (3/15)

Altars:
Elyvilon
Gozag
Yredelemnul

Annotations:
D:3 Ijyb


Innate Abilities, Weirdness & Mutations

A weak demonic guardian rushes to your aid.
You have an extremely huge brain. (Int +4)


Message History

Ijyb is lightly wounded.
Ijyb struggles against the net.
You completely miss Ijyb.
Ijyb is lightly wounded.
Ijyb struggles against the net.
You completely miss Ijyb.
Ijyb is lightly wounded.
Ijyb struggles against the net.
You hit Ijyb.
Ijyb is lightly wounded.
Ijyb struggles against the net.
The net rips apart, and Ijyb comes free!
You completely miss Ijyb.
Ijyb is lightly wounded.
Ijyb zaps a wand.
The bolt of acid hits you!!
You are splashed with acid!
* * * LOW HITPOINT WARNING * * *
You hit Ijyb but do no damage.
Ijyb is lightly wounded.
Ijyb zaps a wand.
The bolt of acid hits you!
You die...

#############
###...........#
.##.###.#####.######
.##.##...## #(5g@..#
.##.#.....# ######.#
....##...## #....#
.######.## #....# .#
#.# #...## .# #.#
##.## .# ##'## #.#
## ##...## #.#
##.....## #.##


You could see Ijyb and a friendly white imp (summoned).

Vanquished Creatures
  A bullfrog (D:2)
  2 orc wizards (D:3)
  2 gnolls
  2 adders
  3 dart slugs
  An orc (D:3)
  5 bats
  4 giant cockroaches
  6 hobgoblins
  6 jackals (D:3)
  6 kobolds
  2 quokkas (D:2)
  6 frilled lizards
  6 goblins
  11 rats
63 creatures vanquished.

Vanquished Creatures (collateral kills)
  A bullfrog (D:2)
  2 gnolls (D:3)
  An orc (D:3)
  A rat (D:2)
5 creatures vanquished.

Vanquished Creatures (others)
  70 plants (D:3)
70 creatures vanquished.

Grand Total: 138 creatures vanquished

Notes
Turn   | Place    | Note
-------+----------+-------------------------------------------
     0 | D:1      | diana the Demonspawn Gladiator began the quest for the Orb.
     0 | D:1      | Reached XP level 1. HP: 16/16 MP: 1/1
   273 | D:1      | Gained mutation: You have an unusually large brain. (Int
                  | +2) [demonic ancestry]
   273 | D:1      | Reached XP level 2. HP: 23/23 MP: 2/2
   875 | D:2      | Noticed a bullfrog
   916 | D:2      | Noticed a bullfrog
  1009 | D:2      | Found an opulent altar of Gozag.
  1017 | D:2      | Gained mutation: A weak demonic guardian rushes to your
                  | aid. [demonic ancestry]
  1017 | D:2      | Reached XP level 3. HP: 25/28 MP: 3/3
  1073 | D:2      | Found a white marble altar of Elyvilon.
  1102 | D:2      | Killed a bullfrog
  1103 | D:2      | Reached XP level 4. HP: 26/35 MP: 4/4
  1476 | D:2      | Killed a bullfrog
  1477 | D:2      | Gained mutation: You have an extremely huge brain. (Int +4)
                  | [demonic ancestry]
  1477 | D:2      | Reached XP level 5. HP: 42/42 MP: 5/5
  2572 | D:3      | Found a basalt altar of Yredelemnul.
  2817 | D:3      | Noticed Ijyb
  2831 | D:3      | Killed from afar by Ijyb

Illustrated notes

Levels and vault maps discovered:
D:1:      dpeg_arrival_solitude, layout_basic
D:2:      layout_loops_ring, nicolae_overflow_hidden_temple
D:3:      layout_loops_corners, old_standard_altar, serial_bayou,
          serial_bayou_shore_a, serial_bayou_ford_a, serial_bayou_pond_c,
          serial_bayou_pond_a, serial_bayou_lagoon_a, uniq_ijyb

Skill      XL: |  1  2  3  4 |
---------------+-------------+-----
Long Blades    | 3 4 |  4.7
Fighting       | 3 4 |  4.5
Throwing       | |  1.7
Dodging        | |  2.6

Action                   |  1- 3 |  4- 6 || total
-------------------------+-------+-------++-------
Melee: Long sword        |    56 |    97 ||   153
Throw: Throwing net      |       |     2 ||     2
  Use: Scroll            |     2 |     5 ||     7
       Potion            |       |     3 ||     3
 Stab: Distracted        |       |     1 ||     1
Armor: Leather armour    |    22 |    28 ||    50
Dodge: Dodged            |    41 |    92 ||   133
       Rpst.: Long sword |    14 |    33 ||    47
